 Dungeon Crawl Stone Soup version 0.30-a0-172-gc5509c9e31 (webtiles) character file.

Game seed: 6039929678033542269

2100 qw the Cleaver (level 9, -3/55 HPs)
             Began as a Gargoyle Fighter on Oct 1, 2022.
             Was an Initiate of Okawaru.
             Slain by Psyche
             ... wielding a +4 dagger of chaos
              (6 damage)
             ... on level 9 of the Dungeon.
             The game lasted 00:02:47 (5520 turns).

qw the Cleaver (Gargoyle Fighter)                   Turns: 5520, Time: 00:02:48

Health: -3/55      AC:  0    Str: 24    XL:     9   Next: 28%
Magic:  10/10      EV: 13    Int:  9    God:    Okawaru [......]
Gold:   364        SH:  0    Dex:  9    Spells: 8/8 levels left

rFire   . . .      SeeInvis .    (weapon currently unavailable)
rCold   . . .      Faith    .    (shield currently unavailable)
rNeg    + . .      Spirit   .    (body armour currently unavailable)
rPois   inf        Reflect  .    (helmet currently unavailable)
rElec   .          Harm     .    (cloak currently unavailable)
rCorr   .          Rampage  .    (gloves currently unavailable)
Will    .....                    (boots currently unavailable)
Stlth   +.........               b - amulet of regeneration
HPRegen 0.00/turn                (ring currently unavailable)
MPRegen 0.12/turn                (ring currently unavailable)

@: about to teleport, pig-form, inhibited regen, hasted, very quick
A: fast, no casting, sickness immunity, AC +6, small, negative energy resistance
1, (electricity resistance), torment resistance 1, petrification resistance,
high MP 1, mutation resistance 1, inhibited regeneration
a: Renounce Religion


You were on level 9 of the Dungeon.
You worshipped Okawaru.
Okawaru was noncommittal.
You were a filthy swine.
You visited 2 branches of the dungeon, and saw 8 of its levels.

You collected 364 gold pieces.


Innate Abilities, Weirdness & Mutations

You are a filthy swine.
You move quickly.
Your equipment is almost entirely melded.
You are incapable of wielding weapons or throwing items.
You cannot cast spells.
You are immune to sickness and miasma.
((Your stone body is resilient. (AC +6)))
You are immune to poison.
You resist negative energy. (rN+)
((You are resistant to electric shocks. (rElec)))
You are resistant to unholy torment.
You are immune to petrification.
You have an increased reservoir of magic. (+10% MP)
You are somewhat resistant to further mutation.
You do not regenerate when monsters are visible.


   Skills:
 - Level 6.1 Fighting
 - Level 8.5 Axes
 - Level 5.0 Armour
 - Level 1.0 Dodging
 + Level 6.1 Shields
 - Level 0.9 Invocations


You had 8 spell levels left.
You didn't know any spells.
Your spell library was empty.

Inventory:

Hand Weapons
 p - a +2 flail of protection
 Y - a +0 war axe (melded)
Missiles
 o - 3 boomerangs (quivered)
Armour
 a - a +0 tower shield (melded)
 c - a +0 pair of boots
 g - a +2 plate armour (melded)
 l - a +2 cloak of willpower (melded)
Jewellery
 b - an amulet of regeneration (around neck)
 e - a ring of protection from fire (melded)
 f - a +6 ring of dexterity
 k - a ring of protection from cold (melded)
Scrolls
 h - 2 scrolls of identify
Potions
 d - 2 potions of might
 j - a potion of resistance
 m - 4 potions of curing
 n - a potion of magic {unknown}

Dungeon Overview and Level Annotations

Branches:
Dungeon (6/15)             Temple (1/1) D:5

Altars:
Ashenzari
Dithmenos
Elyvilon
Fedhas
Gozag
Hepliaklqana
Kikubaaqudgha
Nemelex Xobeh
Okawaru
Qazlal
Ru
Sif Muna
Uskayaw
Vehumet
Xom
Zin

Annotations:
D:2 1 runed translucent door, Crazy Yiuf
D:3 1 runed translucent door, qw's ghost, amateur GrFi
D:9 Psyche


Message History

A swirling arc of seething chaos appears!
An arc of chaos appears from out of thin air!
The arc of chaos hits the two-headed ogre.
n - a bubbling amethyst potion Throw: 3 boomerangs
Press: ? - help, Q - select action Shift-Dir - straight line, f - two-headed ogre You throw a boomerang.
The boomerang barely misses the two-headed ogre.
Throw: 3 boomerangs
Press: ? - help, Q - select action Shift-Dir - straight line, f/p - two-headed ogre You throw a boomerang.
The boomerang hits the two-headed ogre.
The two-headed ogre is almost dead.
Throw: 3 boomerangs
Press: ? - help, Q - select action Shift-Dir - straight line, f/p - two-headed ogre You throw a boomerang.
The boomerang hits the two-headed ogre.
The two-headed ogre is almost dead.
Something hits you but does no damage.
Deactivating autopickup; reactivate with Ctrl-A.
Something hits you but does no damage.
You slash something! Something hits you! Something burns you.
Something hits you but does no damage.
You feel yourself speed up.
You closely miss something. Something hits you but does no damage.
Space warps around you.
5518 ||| READING scroll of teleportation.
As you read the scroll of teleportation, it crumbles to dust.
You feel strangely unstable.
You hear some strange, mumbled words.
You turn into a filthy swine.
Your +0 war axe melds into your body.
Your +2 cloak of willpower melds into your body.
Your +0 tower shield melds into your body.
Your +2 plate armour melds into your body.
Your ring of protection from cold melds into your body.
Your ring of protection from fire melds into your body.
You feel less strong-willed.
You hit something. Something hits you. Something burns you.
You miss something. Something hits you.
You die...

##O.#........# #.#
#............# #..
#.~~~~¤~~~~..#
....#.~¤..¤¤¤.~.##
....#.~¤~~¤~¤)~.#
......¤.¤¤¤¤..~.#
....#O¤¤~._.~.~.#
... #{~¤¤...~.~.#
.. #.h¤¤¤¤¤~.~.#
#.~..¤....~...
#.~~~~~~~~~.##
#...........#
##.#......#
........##
.........
#..$.....


You could see a two-headed ogre.

Vanquished Creatures
  A gargoyle (D:9)
  Grinder (D:5)
  A wyvern (D:6)
  Edmund (D:5)
  A water moccasin (D:5)
  Duvessa (D:5)
  2 ice beasts
  2 phantoms
  A kobold brigand (D:9)
  A necrophage (D:5)
  2 scorpions (D:5)
  Dowan (D:5)
  2 orc priests
  A hound (D:5)
  6 iguanas
  3 orc wizards (D:4)
  3 gnolls (D:2)
  6 adders
  A white imp (D:5)
  An ufetubus (D:5)
  2 worms (D:2)
  11 orcs
  4 endoplasms
  4 giant cockroaches
  9 goblins
  6 hobgoblins
  6 jackals (D:2)
  14 kobolds
  2 quokkas
  8 ball pythons
  6 bats
  4 frilled lizards
  11 rats
  A spectral goblin (D:3)
126 creatures vanquished.

Notes
Turn   | Place    | Note
-------+----------+-------------------------------------------
     0 | D:1      | qw the Gargoyle Fighter began the quest for the Orb.
     0 | D:1      | Reached XP level 1. HP: 14/14 MP: 1/1
     0 | D:1      | 0 ||| qw: Version: 0.2-a-13-gfc7b4b4
     0 | D:1      | 0 ||| qw: Game counter: 1812
     0 | D:1      | 0 ||| qw: Always use a shield: true
     0 | D:1      | 0 ||| qw: God list: Okawaru
     0 | D:1      | 0 ||| qw: Allow faded altars: false
     0 | D:1      | 0 ||| qw: Do Orc after D:15 true
     0 | D:1      | 0 ||| qw: Do second Lair branch before Depths: true
     0 | D:1      | 0 ||| qw: Lair rune preference: random
     0 | D:1      | 0 ||| qw: Plans: Normal, Zot:1-4, God:TSO, Crypt, Tomb,
                  | Pan, Slime:5, Hells, Abyss, Orb
     0 | D:1      | 0 ||| PLANNING D:1-11
    82 | D:1      | Reached skill level 2 in Axes
   183 | D:1      | Found a faded altar of an unknown god.
   328 | D:1      | Reached XP level 2. HP: 19/19 MP: 2/2
   711 | D:1      | Reached skill level 3 in Axes
   764 | D:1      | 764 ||| UPGRADING to +0 plate armour.
   774 | D:1      | 774 ||| DROPPING +0 scale mail.
   775 | D:1      | 775 ||| READING scroll labelled XAAFUT NITREU.
   776 | D:1      | 776 ||| READING 2 scrolls labelled DEUJUGOPPI.
   777 | D:1      | 777 ||| READING scroll labelled WEMEBBUGUE.
   778 | D:1      | 778 ||| DRINKING 2 fuming emerald potions.
   778 | D:1      | Gained mutation: You have large cloven feet. [potion of
                  | mutation]
   778 | D:1      | Gained mutation: Armour fits poorly on your strangely
                  | shaped body. [potion of mutation]
   778 | D:1      | Gained mutation: You are frail. (-10% HP) [potion of
                  | mutation]
   778 | D:1      | Gained mutation: You have an increased reservoir of magic.
                  | (+10% MP) [potion of mutation]
   779 | D:1      | 779 ||| DRINKING potion of mutation.
   779 | D:1      | Lost mutation: You are frail. (-10% HP) [potion of
                  | mutation]
   779 | D:1      | Lost mutation: You have large cloven feet. [potion of
                  | mutation]
   779 | D:1      | Gained mutation: Your spells are a little harder to cast,
                  | but a little more powerful. [potion of mutation]
   779 | D:1      | Gained mutation: You do not regenerate when monsters are
                  | visible. [potion of mutation]
   779 | D:1      | Lost mutation: You do not regenerate when monsters are
                  | visible. [potion of mutation]
   813 | D:2      | Reached XP level 3. HP: 18/23 MP: 3/3
   830 | D:2      | 830 ||| Stepping ~*~*~tactically~*~*~ (stealth).
  1127 | D:2      | 1127 ||| FLEEEEING.
  1128 | D:2      | 1128 ||| FLEEEEING.
  1157 | D:2      | 1157 ||| Stepping ~*~*~tactically~*~*~ (stealth).
  1242 | D:2      | Reached XP level 4. HP: 28/28 MP: 4/4
  1375 | D:2      | 1375 ||| Stepping ~*~*~tactically~*~*~ (hiding).
  1376 | D:2      | 1376 ||| Stepping ~*~*~tactically~*~*~ (hiding).
  1380 | D:2      | 1380 ||| Stepping ~*~*~tactically~*~*~ (hiding).
  1388 | D:2      | Reached skill level 4 in Axes
  1391 | D:2      | 1391 ||| FLEEEEING.
  1392 | D:2      | 1392 ||| Stepping ~*~*~tactically~*~*~ (stealth).
  1402 | D:2      | 1402 ||| FLEEEEING.
  1441 | D:2      | 1441 ||| DROPPING +0 club.
  1573 | D:2      | Found a runed translucent door.
  1574 | D:2      | Noticed Crazy Yiuf
  1914 | D:2      | 1914 ||| DRINKING potion of mutation.
  1914 | D:2      | Lost mutation: Your spells are a little harder to cast, but
                  | a little more powerful. [potion of mutation]
  1914 | D:2      | Lost mutation: Armour fits poorly on your strangely shaped
                  | body. [potion of mutation]
  1914 | D:2      | Gained mutation: You do not regenerate when monsters are
                  | visible. [potion of mutation]
  1914 | D:2      | Gained mutation: You are somewhat resistant to further
                  | mutation. [potion of mutation]
  2146 | D:2      | 2146 ||| UPGRADING to +0 cloak.
  2151 | D:2      | 2151 ||| UPGRADING to +2 cloak of willpower.
  2161 | D:2      | 2161 ||| DROPPING +0 cloak.
  2162 | D:2      | 2162 ||| UPGRADING to amulet of regeneration.
  2167 | D:2      | 2167 ||| READING scroll labelled ARODWAFORRU.
  2168 | D:2      | 2168 ||| READING 2 scrolls labelled QIMMON UDDUEWY.
  2169 | D:2      | 2169 ||| READING scroll labelled TIOSHR SAAST.
  2180 | D:2      | 2180 ||| READING scroll labelled LINICL PAMA.
  2181 | D:2      | 2181 ||| DRINKING 3 brown potions.
  2182 | D:2      | 2182 ||| READING 2 scrolls of identify.
  2182 | D:2      | 2182 ||| IDENTIFYING sedimented blue potion
  2183 | D:2      | 2183 ||| DROPPING scroll of vulnerability.
  2184 | D:2      | 2184 ||| DROPPING potion of ambrosia.
  2275 | D:3      | Found a runed translucent door.
  2290 | D:3      | Noticed a bullfrog
  2293 | D:3      | Noticed qw's ghost (amateur GrFi)
  2390 | D:3      | Reached XP level 5. HP: 30/32 MP: 5/5
  2699 | D:3      | 2699 ||| Stepping ~*~*~tactically~*~*~ (stealth).
  2700 | D:3      | 2700 ||| Stepping ~*~*~tactically~*~*~ (stealth).
  2711 | D:3      | 2711 ||| Stepping ~*~*~tactically~*~*~ (stealth).
  2712 | D:3      | 2712 ||| Stepping ~*~*~tactically~*~*~ (stealth).
  2734 | D:3      | Found a hazy altar of Hepliaklqana.
  2994 | D:3      | 2994 ||| UPGRADING to +6 ring of dexterity.
  2995 | D:3      | 2995 ||| UPGRADING to ring of protection from fire.
  3028 | D:3      | Reached skill level 5 in Axes
  3120 | D:4      | 3120 ||| Stepping ~*~*~tactically~*~*~ (hiding).
  3123 | D:4      | 3123 ||| Stepping ~*~*~tactically~*~*~ (hiding).
  3130 | D:4      | Reached skill level 1 in Dodging
  3209 | D:4      | Reached XP level 6. HP: 38/38 MP: 6/6
  3270 | D:4      | 3270 ||| Stepping ~*~*~tactically~*~*~ (hiding).
  3489 | D:4      | 3489 ||| READING scroll of enchant armour.
  3489 | D:4      | 3489 ||| ENCHANTING +0 plate armour.
  3541 | D:4      | Found a white marble altar of Elyvilon.
  3606 | D:4      | 3606 ||| UPGRADING to ring of protection from cold.
  3608 | D:4      | 3608 ||| DRINKING 3 dark potions.
  3609 | D:4      | 3609 ||| READING 2 scrolls of identify.
  3609 | D:4      | 3609 ||| IDENTIFYING sapphire potion
  3634 | D:5      | Entered Level 5 of the Dungeon
  3634 | D:5      | Noticed an ice beast
  3634 | D:5      | Noticed a water moccasin
  3635 | D:5      | 3635 ||| STAIRDANCE
  3648 | D:4      | Killed an ice beast
  3649 | D:4      | Reached skill level 6 in Axes
  3649 | D:4      | Reached XP level 7. HP: 32/43 MP: 7/7
  3687 | D:5      | 3687 ||| STAIRDANCE
  3694 | D:4      | 3694 ||| FLEEEEING.
  3752 | D:5      | 3752 ||| Stepping ~*~*~tactically~*~*~ (stealth).
  3806 | D:5      | Found an ancient bone altar of Kikubaaqudgha.
  3808 | D:5      | Noticed Edmund
  3834 | D:5      | Killed Edmund
  3835 | D:5      | Reached skill level 7 in Axes
  3859 | D:5      | 3859 ||| DROPPING +0 flail.
  4088 | D:5      | Noticed Dowan
  4088 | D:5      | Noticed Duvessa
  4100 | D:5      | Killed Dowan
  4101 | D:5      | Reached XP level 8. HP: 38/49 MP: 8/8
  4107 | D:5      | HP: 12/49 [Duvessa/+0 short sword (7)]
  4108 | D:5      | 4108 ||| READING 3 scrolls of teleportation.
  4109 | D:5      | 4109 ||| DRINKING 2 potions of heal wounds.
  4111 | D:5      | Killed Duvessa
  4111 | D:5      | Found a shadowy altar of Dithmenos.
  4122 | D:5      | HP: 12/49 [scorpion (1)]
  4123 | D:5      | 4123 ||| READING 2 scrolls of teleportation.
  4124 | D:5      | 4124 ||| DRINKING potion of heal wounds.
  4176 | D:5      | 4176 ||| Stepping ~*~*~tactically~*~*~ (stealth).
  4229 | D:5      | Noticed Grinder
  4230 | D:5      | 4230 ||| Stepping ~*~*~tactically~*~*~ (hiding).
  4250 | D:5      | Killed Grinder
  4251 | D:5      | Reached skill level 8 in Axes
  4631 | D:5      | Reached skill level 6 in Fighting
  4673 | D:5      | Found a staircase to the Ecumenical Temple.
  4674 | D:5      | 4674 ||| PLANNING TEMPLE
  4674 | D:5      | 4674 ||| FLEEEEING.
  4675 | D:5      | 4675 ||| FLEEEEING.
  4676 | D:5      | 4676 ||| FLEEEEING.
  4677 | D:5      | 4677 ||| FLEEEEING.
  4678 | D:5      | 4678 ||| FLEEEEING.
  4679 | D:5      | 4679 ||| FLEEEEING.
  4680 | D:5      | 4680 ||| FLEEEEING.
  4681 | D:5      | 4681 ||| FLEEEEING.
  4682 | D:5      | 4682 ||| FLEEEEING.
  4683 | D:5      | 4683 ||| FLEEEEING.
  4684 | D:5      | 4684 ||| FLEEEEING.
  4685 | D:5      | 4685 ||| FLEEEEING.
  4686 | D:5      | 4686 ||| FLEEEEING.
  4687 | D:5      | 4687 ||| FLEEEEING.
  4688 | D:5      | 4688 ||| FLEEEEING.
  4689 | D:5      | 4689 ||| FLEEEEING.
  4690 | D:5      | 4690 ||| FLEEEEING.
  4692 | D:5      | 4692 ||| FLEEEEING.
  4693 | D:5      | 4693 ||| FLEEEEING.
  4694 | D:5      | 4694 ||| FLEEEEING.
  4695 | D:5      | 4695 ||| FLEEEEING.
  4696 | D:5      | 4696 ||| FLEEEEING.
  4697 | D:5      | 4697 ||| FLEEEEING.
  4698 | D:5      | 4698 ||| FLEEEEING.
  4699 | D:5      | 4699 ||| FLEEEEING.
  4700 | D:5      | 4700 ||| FLEEEEING.
  4701 | D:5      | 4701 ||| FLEEEEING.
  4702 | D:5      | 4702 ||| FLEEEEING.
  4703 | D:5      | 4703 ||| FLEEEEING.
  4704 | D:5      | 4704 ||| FLEEEEING.
  4705 | D:5      | 4705 ||| FLEEEEING.
  4706 | D:5      | 4706 ||| FLEEEEING.
  4707 | D:5      | 4707 ||| FLEEEEING.
  4708 | D:5      | 4708 ||| FLEEEEING.
  4709 | D:5      | 4709 ||| FLEEEEING.
  4710 | D:5      | 4710 ||| FLEEEEING.
  4711 | D:5      | 4711 ||| FLEEEEING.
  4712 | D:5      | 4712 ||| FLEEEEING.
  4713 | D:5      | 4713 ||| FLEEEEING.
  4714 | D:5      | 4714 ||| FLEEEEING.
  4715 | D:5      | 4715 ||| FLEEEEING.
  4716 | D:5      | 4716 ||| FLEEEEING.
  4717 | D:5      | 4717 ||| FLEEEEING.
  4718 | D:5      | 4718 ||| FLEEEEING.
  4719 | D:5      | 4719 ||| FLEEEEING.
  4720 | D:5      | 4720 ||| FLEEEEING.
  4721 | D:5      | 4721 ||| FLEEEEING.
  4722 | D:5      | 4722 ||| FLEEEEING.
  4723 | D:5      | 4723 ||| FLEEEEING.
  4724 | D:5      | 4724 ||| FLEEEEING.
  4725 | D:5      | 4725 ||| FLEEEEING.
  4726 | D:5      | 4726 ||| STAIRDANCE
  4728 | D:4      | 4728 ||| READING scroll labelled YDWIOC KESATI.
  4729 | D:4      | 4729 ||| READING 4 scrolls of identify.
  4729 | D:4      | 4729 ||| IDENTIFYING orange potion
  4730 | D:4      | 4730 ||| DROPPING potion of degeneration.
  4736 | D:5      | 4736 ||| STAIRDANCE
  4740 | D:5      | 4740 ||| STAIRDANCE
  4745 | D:5      | 4745 ||| STAIRDANCE
  4750 | D:5      | 4750 ||| FLEEEEING.
  4751 | D:5      | 4751 ||| STAIRDANCE
  4776 | D:5      | 4776 ||| STAIRDANCE
  4780 | D:5      | 4780 ||| STAIRDANCE
  4784 | D:5      | 4784 ||| STAIRDANCE
  4794 | D:5      | 4794 ||| STAIRDANCE
  4856 | Temple   | Entered the Ecumenical Temple
  4889 | Temple   | 4889 ||| PLANNING OKAWARU WORSHIP
  4980 | Temple   | Became a worshipper of Warmaster Okawaru
  4981 | Temple   | 4981 ||| PLANNING D:1-11
  5100 | D:5      | 5100 ||| READING scroll of enchant armour.
  5100 | D:5      | 5100 ||| ENCHANTING +1 plate armour.
  5249 | D:5      | 5249 ||| UPGRADING to +0 tower shield.
  5259 | D:5      | 5259 ||| DROPPING +0 buckler.
  5260 | D:5      | 5260 ||| READING 3 scrolls of identify.
  5260 | D:5      | 5260 ||| IDENTIFYING bubbling cyan potion
  5261 | D:5      | 5261 ||| DROPPING potion of invisibility.
  5285 | D:6      | 5285 ||| Stepping ~*~*~tactically~*~*~ (stealth).
  5287 | D:6      | 5287 ||| Stepping ~*~*~tactically~*~*~ (stealth).
  5312 | D:6      | Noticed a wyvern
  5327 | D:6      | Killed a wyvern
  5328 | D:6      | Reached XP level 9. HP: 19/55 MP: 9/9
  5376 | D:6      | You fall into a shaft and drop 3 floors!
  5389 | D:9      | 5389 ||| Stepping ~*~*~tactically~*~*~ (stealth).
  5397 | D:9      | Noticed Psyche
  5398 | D:9      | Noticed a gargoyle
  5399 | D:9      | Found a stormy altar of Qazlal.
  5411 | D:9      | Killed a gargoyle
  5411 | D:9      | Reached * piety under Okawaru
  5412 | D:9      | Reached skill level 6 in Shields
  5412 | D:9      | 5412 ||| INVOKING Heroism.
  5418 | D:9      | Noticed a two-headed ogre
  5422 | D:9      | 5422 ||| INVOKING Heroism.
  5432 | D:9      | 5432 ||| INVOKING Heroism.
  5433 | D:9      | 5433 ||| INVOKING Heroism.
  5446 | D:9      | 5446 ||| INVOKING Heroism.
  5467 | D:9      | 5467 ||| INVOKING Heroism.
  5468 | D:9      | 5468 ||| INVOKING Heroism.
  5517 | D:9      | HP: 10/55 [something (4)]
  5518 | D:9      | 5518 ||| READING scroll of teleportation.
  5519 | D:9      | HP: 3/55 [something (2)]
  5520 | D:9      | Slain by Psyche

Levels and vault maps discovered:
D:1:      lemuel_arrival_lava_pool, layout_loops_ring,
          dreamdust_ecumenical_altar_angels_and_demons, grunt_decor_resistance
D:2:      layout_loops_corners, lemuel_flame_loot_1, uniq_crazy_yiuf_cottage
D:3:      layout_loops_ring, nicolae_hepliaklqana_monster_ancestors,
          ebering_ghost_sewer_d
D:4:      layout_cave_pools, nicolae_elyvilon_temple_path, corexii_shack,
          minmay_misc_feat_tower
D:5:      layout_layer_cave, mainiacjoe_overflow_surrounded_room,
          nicolae_dithmenos_through_a_glass_darkly, temple_doors_e,
          minmay_misc_feat_nine_boxes, uniq_grinder, uniq_edmund, uniq_duvessa
D:6:      layout_rooms, lightli_minifort
D:9:      layout_basic, mainiacjoe_overflow_concentric_impassable,
          nicolae_yredelemnul_ghost_church, hellmonk_ghost_happy_afterlife,
          hangedman_incinerator, uniq_amaemon, uniq_psyche
Temple:   jpeg_temple_clearing

Skill      XL: |  1  2  3  4  5  6  7  8  9 |
---------------+----------------------------+-----
Axes           | 2 3 4 5 6 7 8 |  8.5
Dodging        | 1 |  1.0
Fighting       | 4 5 6 |  6.1
Armour         | 4 5 |  5.0
Shields        | 4 6 |  6.1
Invocations    | |  0.9

Action                   |  1- 3 |  4- 6 |  7- 9 || total
-------------------------+-------+-------+-------++-------
Melee: War axe           |   131 |   153 |   226 ||   510
       Unarmed           |       |       |     2 ||     2
Throw: Boomerang         |       |       |    15 ||    15
Invok: Heroism           |       |       |     5 ||     5
  Use: Scroll            |     3 |     7 |     7 ||    17
       Potion            |     2 |     3 |     2 ||     7
Armor: Scale mail        |    29 |       |       ||    29
       Plate armour      |    59 |    95 |   169 ||   323
Dodge: Dodged            |    41 |    42 |    67 ||   150
Block: Buckler           |    26 |    23 |    32 ||    81
       Tower shield      |       |       |    42 ||    42

Table legend:
 A = Non-vault XP
 B = Vault XP
 C = Vault XP percentage of total XP
 D = Non-vault monster count
 E = Vault monster count
 F = Vault count percentage of total count
                 A         B        C        D         E       F
            +---------+---------+-------+---------+---------+-------
      Total |    2331 |     669 |  22.3 |     119 |       7 |   5.6
            +---------+---------+-------+---------+---------+-------
        D:1 |      30 |       0 |   0.0 |      20 |       0 |   0.0
        D:2 |     127 |       0 |   0.0 |      28 |       0 |   0.0
        D:3 |      67 |       3 |   4.3 |      21 |       2 |   8.7
        D:4 |     444 |       2 |   0.4 |      17 |       1 |   5.6
        D:5 |     931 |     664 |  41.6 |      19 |       4 |  17.4
        D:6 |     226 |       0 |   0.0 |       5 |       0 |   0.0
        D:9 |     506 |       0 |   0.0 |       9 |       0 |   0.0
            +---------+---------+-------+---------+---------+-------
